TOP OF THE 1ST |
Butler Bulldogs batting - Pitching for Stanford Cardinal : RHP Chris Stackhouse
|
Pitching: RHP Chris Stackhouse
|
|
Batting: LHB Stephen Arnold
|
0-0: Ball 1-0: Foul Ball, location: 2F 1-1: Ground out 1-3 (Groundball, 15S)
|
Batting: RHB Benjamin Monroe
|
0-0: Swinging Strike 0-1: Ground out 5-3 (Groundball, 5)
|
Batting: RHB Patrice Charette
|
0-0: Called Strike 0-1: Fly out, F9 (Flyball, 9S)
|
Top of the 1st over - 0 runs, 0 hits, 0 errors, 0 left on base; Butler 0 - Stanford 0 |
BOTTOM OF THE 1ST |
Stanford Cardinal batting - Pitching for Butler Bulldogs : LHP Dan Hashbarger
|
Pitching: LHP Dan Hashbarger
|
|
Batting: SHB Gary King
|
0-0: Ball 1-0: Ball 2-0: Swinging Strike 2-1: Ball 3-1: Fly out, F3 (Popup, 3S)
|
Batting: RHB Ira Martin
|
0-0: Ball 1-0: Called Strike 1-1: Swinging Strike 1-2: Strikes out swinging
|
Batting: RHB Rick McDonald
|
0-0: Ball 1-0: Foul Ball, location: 2F 1-1: Foul Ball, location: 2F 1-2: Ball 2-2: SINGLE (Groundball, 56) (infield hit)
|
Batting: RHB Flint Ballard
|
0-0: Ball 1-0: Called Strike 1-1: Ball 2-1: DOUBLE (Line Drive, 9LM) Rick McDonald to third Runner from 3rd tries for Home, SAFE, no throw
|
Batting: LHB Brandon Napoleon
|
0-0: Ball 1-0: Ball 2-0: Called Strike 2-1: Swinging Strike 2-2: Ball 3-2: Foul Ball, location: 2F 3-2: Base on Balls
|
Batting: RHB James Hines
|
0-0: Ball 1-0: Called Strike 1-1: Ball 2-1: SINGLE (Flyball, 8LS) Flint Ballard to third Brandon Napoleon to second Runner from 3rd tries for Home, SAFE, no throw
|
Batting: LHB David Hebert
|
0-0: Ball 1-0: Called Strike 1-1: Called Strike 1-2: Fly out, F8 (Flyball, 8LD)
|
Bottom of the 1st over - 2 runs, 3 hits, 0 errors, 2 left on base; Butler 0 - Stanford 2 |
TOP OF THE 2ND |
Butler Bulldogs batting - Pitching for Stanford Cardinal : RHP Chris Stackhouse
|
Batting: LHB Bill O'Higgins
|
0-0: Called Strike 0-1: Foul Ball, location: 2F 0-2: Ball 1-2: Ball 2-2: Ball 3-2: Base on Balls
|
Batting: RHB Nelson Thompson
|
0-0: Ball 1-0: Ball 2-0: Ball 3-0: Base on Balls Bill O'Higgins to second
|
Batting: RHB Bobby Coleman
|
0-0: Ball 1-0: Ball 2-0: Ball 3-0: Base on Balls Bill O'Higgins to third Nelson Thompson to second
|
Batting: RHB Jorge Solís
|
0-0: Foul Ball, location: 2F 0-1: Swinging Strike 0-2: Ground out U3 (Groundball, 34S) Bill O'Higgins scores Nelson Thompson to third Bobby Coleman to second
|
Batting: RHB Kenny Lowe
|
0-0: Called Strike 0-1: Swinging Strike 0-2: Strikes out swinging
|
Batting: RHB Danny Giles
|
0-0: Ball 1-0: Foul Ball, location: 2F 1-1: Called Strike 1-2: Foul Ball, location: 2F 1-2: Ball 2-2: Strikes out swinging
|
Top of the 2nd over - 1 run, 0 hits, 0 errors, 2 left on base; Butler 1 - Stanford 2 |
BOTTOM OF THE 2ND |
Stanford Cardinal batting - Pitching for Butler Bulldogs : LHP Dan Hashbarger
|
Batting: RHB Pete Powell
|
0-0: Fly out, F9 (Flyball, 9D)
|
Batting: RHB Greg Sawyer
|
0-0: Called Strike 0-1: Ball 1-1: Foul Ball, location: 2F 1-2: Ground out 4-3 (Groundball, 4)
|
Batting: SHB Gary King
|
0-0: Ball 1-0: Foul Ball, location: 2F 1-1: Called Strike 1-2: Ball 2-2: Ground out 1-3 (Groundball, P)
|
Bottom of the 2nd over - 0 runs, 0 hits, 0 errors, 0 left on base; Butler 1 - Stanford 2 |
TOP OF THE 3RD |
Butler Bulldogs batting - Pitching for Stanford Cardinal : RHP Chris Stackhouse
|
Batting: LHB Stephen Arnold
|
0-0: Ball 1-0: Foul Ball, location: 2F 1-1: Foul Ball, location: 2F 1-2: SINGLE (Groundball, 34D)
|
Batting: RHB Benjamin Monroe
|
0-0: Ball 1-0: Ball Stephen Arnold is caught stealing 2nd base 2-0: Foul Ball, location: 2F 2-1: Ball 3-1: Base on Balls
|
Batting: RHB Patrice Charette
|
0-0: Ball Wild Pitch! Benjamin Monroe to second 1-0: Called Strike 1-1: Foul Ball, location: 2F 1-2: Ball 2-2: Fly out, F5 (Line Drive, 5S)
|
Batting: LHB Bill O'Higgins
|
0-0: Hit by Pitch
|
Batting: RHB Nelson Thompson
|
0-0: Ball 1-0: Ball 2-0: Called Strike 2-1: Foul Ball, location: 2F 2-2: SINGLE (Line Drive, 6D) Benjamin Monroe to third Bill O'Higgins to second
|
Batting: RHB Bobby Coleman
|
0-0: Called Strike 0-1: Ball 1-1: Called Strike 1-2: Ball 2-2: Strikes out swinging
|
Top of the 3rd over - 0 runs, 2 hits, 0 errors, 3 left on base; Butler 1 - Stanford 2 |
BOTTOM OF THE 3RD |
Stanford Cardinal batting - Pitching for Butler Bulldogs : LHP Dan Hashbarger
|
Batting: RHB Ira Martin
|
0-0: Ball 1-0: Bunt for hit - play at first, batter safe!
|
Batting: RHB Rick McDonald
|
0-0: Foul Ball, location: 2F 0-1: Ball 1-1: Ball 2-1: Swinging Strike 2-2: Foul Ball, location: 2F 2-2: SINGLE (Groundball, 34D) Ira Martin to second Runner from 2nd tries for 3rd, SAFE, no throw
|
Batting: RHB Flint Ballard
|
0-0: Ball 1-0: Foul Ball, location: 2F 1-1: Ball 2-1: Ball 3-1: Called Strike 3-2: Foul Ball, location: 2F 3-2: Base on Balls Rick McDonald to second
|
Batting: LHB Brandon Napoleon
|
0-0: Ball 1-0: Fielders Choice at 2nd, 3-6 (Groundball, 3) Ira Martin scores Rick McDonald to third
|
Batting: RHB James Hines
|
0-0: Ball 1-0: Foul Ball, location: 2F 1-1: Reached on error, E5 (Groundball, 56) Rick McDonald scores Brandon Napoleon to second
|
Batting: LHB David Hebert
|
0-0: Ball 1-0: Ball 2-0: Called Strike 2-1: Foul Ball, location: 2F 2-2: Strikes out swinging
|
Batting: RHB Pete Powell
|
0-0: Fly out, F1 (Line Drive, 13)
|
Bottom of the 3rd over - 2 runs, 2 hits, 1 error, 2 left on base; Butler 1 - Stanford 4 |
TOP OF THE 4TH |
Butler Bulldogs batting - Pitching for Stanford Cardinal : RHP Chris Stackhouse
|
Batting: RHB Jorge Solís
|
0-0: Ball 1-0: Ground out 6-3 (Groundball, 6)
|
Batting: RHB Kenny Lowe
|
0-0: Fly out, F7 (Flyball, 78D)
|
Batting: RHB Danny Giles
|
0-0: Called Strike 0-1: Ball 1-1: Foul Ball, location: 2F 1-2: Ball 2-2: Ball 3-2: Strikes out swinging
|
Top of the 4th over - 0 runs, 0 hits, 0 errors, 0 left on base; Butler 1 - Stanford 4 |
BOTTOM OF THE 4TH |
Stanford Cardinal batting - Pitching for Butler Bulldogs : LHP Dan Hashbarger
|
Batting: RHB Greg Sawyer
|
0-0: Ball 1-0: Fly out, F9 (Flyball, 9D)
|
Batting: SHB Gary King
|
0-0: Ball 1-0: Foul Ball, location: 2F 1-1: SINGLE (Groundball, 56D)
|
Batting: RHB Ira Martin
|
0-0: Ball 1-0: SINGLE (Line Drive, 9S) Gary King to second
|
Batting: RHB Rick McDonald
|
0-0: Ball 1-0: Ball 2-0: Called Strike 2-1: Called Strike 2-2: Ball 3-2: 3-RUN HOME RUN (Flyball, 7D), Distance : 362 ft
|
Pitching: RHP Mario Bruno
|
|
Batting: RHB Flint Ballard
|
0-0: Called Strike 0-1: Swinging Strike 0-2: DOUBLE (Line Drive, 89D)
|
Batting: LHB Brandon Napoleon
|
0-0: Ball 1-0: SINGLE (Flyball, 8LS) Flint Ballard to third Runner from 3rd tries for Home, SAFE, no throw
|
Batting: RHB James Hines
|
0-0: Foul Ball, location: 2F 0-1: Ball 1-1: Called Strike 1-2: Ball 2-2: Fly out, F1 (Line Drive, 13S)
|
Batting: LHB David Hebert
|
0-0: 2-RUN HOME RUN (Flyball, 9D), Distance : 356 ft
|
Batting: RHB Pete Powell
|
0-0: Fly out, F8 (Flyball, 8RS)
|
Bottom of the 4th over - 6 runs, 6 hits, 0 errors, 0 left on base; Butler 1 - Stanford 10 |
TOP OF THE 5TH |
Butler Bulldogs batting - Pitching for Stanford Cardinal : RHP Chris Stackhouse
|
Batting: LHB Stephen Arnold
|
0-0: Foul Ball, location: 2F 0-1: Ground out 4-3 (Groundball, 34)
|
Batting: RHB Benjamin Monroe
|
0-0: Ball 1-0: Swinging Strike 1-1: Foul Ball, location: 2F 1-2: Fly out, F8 (Flyball, 8RS)
|
Batting: RHB Patrice Charette
|
0-0: Ball 1-0: Called Strike 1-1: Called Strike 1-2: Strikes out swinging
|
Top of the 5th over - 0 runs, 0 hits, 0 errors, 0 left on base; Butler 1 - Stanford 10 |
BOTTOM OF THE 5TH |
Stanford Cardinal batting - Pitching for Butler Bulldogs : RHP Mario Bruno
|
Batting: RHB Greg Sawyer
|
0-0: Ball 1-0: Ball 2-0: Ball 3-0: Base on Balls
|
Batting: SHB Gary King
|
0-0: Called Strike 0-1: Foul Ball, location: 2F 0-2: Strikes out swinging
|
Batting: RHB Ira Martin
|
0-0: Ball 1-0: Foul Ball, location: 2F 1-1: Ball 2-1: Foul Ball, location: 2F 2-2: Strikes out swinging
|
Batting: RHB Rick McDonald
|
0-0: Called Strike 0-1: Ball 1-1: Ball 2-1: Ball 3-1: Foul Ball, location: 2F 3-2: Foul Ball, location: 2F 3-2: Base on Balls Greg Sawyer to second
|
Batting: RHB Flint Ballard
|
0-0: Ball 1-0: Called Strike 1-1: Ball 2-1: Swinging Strike 2-2: Fly out, F6 (Line Drive, 6M)
|
Bottom of the 5th over - 0 runs, 0 hits, 0 errors, 2 left on base; Butler 1 - Stanford 10 |
TOP OF THE 6TH |
Butler Bulldogs batting - Pitching for Stanford Cardinal : RHP Chris Stackhouse
|
Batting: LHB Bill O'Higgins
|
0-0: Ball 1-0: Fly out, F3 (Line Drive, 3)
|
Batting: RHB Nelson Thompson
|
0-0: Fly out, F8 (Flyball, 8RD)
|
Batting: RHB Bobby Coleman
|
0-0: Ball 1-0: Ball 2-0: Ball 3-0: Base on Balls
|
Pitching: LHP Patrice Galipeau
|
|
Batting: RHB Jorge Solís
|
0-0: Ball 1-0: DOUBLE (Flyball, 89D) Bobby Coleman to third
|
Batting: RHB Kenny Lowe
|
0-0: Ball 1-0: Swinging Strike 1-1: Swinging Strike 1-2: Strikes out swinging
|
Top of the 6th over - 0 runs, 1 hit, 0 errors, 2 left on base; Butler 1 - Stanford 10 |
BOTTOM OF THE 6TH |
Stanford Cardinal batting - Pitching for Butler Bulldogs : RHP Mario Bruno
|
Batting: LHB Brandon Napoleon
|
0-0: Called Strike 0-1: Ball 1-1: Ball 2-1: Swinging Strike 2-2: Strikes out swinging
|
Batting: RHB James Hines
|
0-0: Ball 1-0: Foul Ball, location: 2F 1-1: Ball 2-1: Ball 3-1: Called Strike 3-2: Ground out 4-3 (Groundball, 4)
|
Batting: LHB David Hebert
|
0-0: Ground out 1-3 (Groundball, P)
|
Bottom of the 6th over - 0 runs, 0 hits, 0 errors, 0 left on base; Butler 1 - Stanford 10 |
TOP OF THE 7TH |
Butler Bulldogs batting - Pitching for Stanford Cardinal : LHP Patrice Galipeau
|
Batting: RHB Danny Giles
|
0-0: Called Strike 0-1: SINGLE (Line Drive, 56)
|
Batting: LHB Stephen Arnold
|
0-0: Ball 1-0: Swinging Strike 1-1: Fly out, F8 (Flyball, 89M)
|
Batting: RHB Benjamin Monroe
|
0-0: Foul Ball, location: 2F 0-1: Ball 1-1: Foul Ball, location: 2F 1-2: Foul Ball, location: 2F 1-2: Strikes out swinging
|
Batting: RHB Patrice Charette
|
0-0: Ball 1-0: Foul Ball, location: 2F 1-1: Swinging Strike 1-2: Hit by Pitch Danny Giles to second
|
Batting: LHB Bill O'Higgins
|
0-0: Ball 1-0: Called Strike 1-1: Ball 2-1: Ground out U3 (Groundball, 3L)
|
Top of the 7th over - 0 runs, 1 hit, 0 errors, 2 left on base; Butler 1 - Stanford 10 |
BOTTOM OF THE 7TH |
Stanford Cardinal batting - Pitching for Butler Bulldogs : RHP Mario Bruno
|
Batting: RHB Pete Powell
|
0-0: Ball 1-0: Foul Ball, location: 2F 1-1: Ball 2-1: Ball 3-1: Called Strike 3-2: Ground out 6-3 (Groundball, 6)
|
Batting: RHB Greg Sawyer
|
0-0: Called Strike 0-1: Ball 1-1: Foul Ball, location: 2F 1-2: Strikes out swinging
|
Batting: SHB Gary King
|
0-0: Ball 1-0: Ball 2-0: Fly out, F7 (Flyball, 7S)
|
Bottom of the 7th over - 0 runs, 0 hits, 0 errors, 0 left on base; Butler 1 - Stanford 10 |
TOP OF THE 8TH |
Butler Bulldogs batting - Pitching for Stanford Cardinal : LHP Patrice Galipeau
|
Batting: RHB Nelson Thompson
|
0-0: Ball 1-0: Called Strike 1-1: Ball 2-1: Ball 3-1: Foul Ball, location: 2F 3-2: Base on Balls
|
Batting: RHB Bobby Coleman
|
0-0: Ball 1-0: Ball 2-0: SINGLE (Line Drive, 6D) Nelson Thompson to second
|
Batting: RHB Jorge Solís
|
0-0: Foul Ball, location: 2F 0-1: Ball 1-1: SINGLE (Line Drive, 4MD) Nelson Thompson to third Bobby Coleman to second
|
Batting: RHB Kenny Lowe
|
0-0: Ball 1-0: Ball 2-0: Called Strike 2-1: Ball 3-1: Called Strike 3-2: Foul Ball, location: 2F 3-2: Foul Ball, location: 2F 3-2: Base on Balls Nelson Thompson scores Bobby Coleman to third Jorge Solís to second
|
Batting: RHB Danny Giles
|
0-0: Called Strike 0-1: Swinging Strike 0-2: Ball 1-2: Foul Ball, location: 2F 1-2: Ball 2-2: Ball 3-2: Base on Balls Bobby Coleman scores Jorge Solís to third Kenny Lowe to second
|
Batting: LHB Stephen Arnold
|
0-0: Called Strike 0-1: Foul Ball, location: 2F 0-2: Ball 1-2: Ground out U3 (Groundball, 3S) Jorge Solís scores Kenny Lowe to third Danny Giles to second
|
Batting: RHB Benjamin Monroe
|
0-0: Called Strike 0-1: Swinging Strike 0-2: Strikes out looking
|
Batting: RHB Patrice Charette
|
0-0: Ball 1-0: Called Strike 1-1: Ball 2-1: Ball 3-1: Called Strike 3-2: Strikes out swinging
|
Top of the 8th over - 3 runs, 2 hits, 0 errors, 2 left on base; Butler 4 - Stanford 10 |
BOTTOM OF THE 8TH |
Stanford Cardinal batting - Pitching for Butler Bulldogs : RHP Mario Bruno
|
Batting: RHB Ira Martin
|
0-0: Ball 1-0: Foul Ball, location: 2F 1-1: Swinging Strike 1-2: Ball 2-2: Strikes out swinging
|
Pitching: LHP Rick Estes
|
|
Batting: RHB Rick McDonald
|
0-0: Called Strike 0-1: SOLO HOME RUN (Flyball, 78XD), Distance : 376 ft
|
Batting: RHB Flint Ballard
|
0-0: Ball 1-0: Fly out, F6 (Line Drive, 56)
|
Batting: LHB Brandon Napoleon
|
0-0: Ball 1-0: Called Strike 1-1: Called Strike 1-2: Ball 2-2: Ball 3-2: Base on Balls
|
Batting: RHB James Hines
|
0-0: Ball 1-0: Ball 2-0: Ball 3-0: Called Strike 3-1: Called Strike 3-2: Base on Balls Brandon Napoleon to second
|
Batting: LHB David Hebert
|
0-0: Called Strike 0-1: Foul Ball, location: 2F 0-2: SINGLE (Line Drive, 9LS) Brandon Napoleon to third James Hines to second
|
Batting: RHB Pete Powell
|
0-0: Ball 1-0: SINGLE (Groundball, 25) (infield hit) Brandon Napoleon scores James Hines to third David Hebert to second
|
Batting: RHB Greg Sawyer
|
0-0: Called Strike 0-1: Ball 1-1: Ground out 5-3 (Groundball, 56S)
|
Bottom of the 8th over - 2 runs, 3 hits, 0 errors, 3 left on base; Butler 4 - Stanford 12 |
TOP OF THE 9TH |
Butler Bulldogs batting - Pitching for Stanford Cardinal : LHP Patrice Galipeau
|
Batting: LHB Bill O'Higgins
|
0-0: Ball 1-0: Ball 2-0: Ball 3-0: Base on Balls
|
Pitching: RHP Greg Stone
|
|
Batting: RHB Nelson Thompson
|
0-0: Ball 1-0: Ball 2-0: Called Strike 2-1: Ball 3-1: Foul Ball, location: 2F 3-2: Foul Ball, location: 2F 3-2: Base on Balls Bill O'Higgins to second
|
Batting: RHB Bobby Coleman
|
0-0: Called Strike 0-1: Foul Ball, location: 2F 0-2: Ball 1-2: Grounds into double play, 4-6-3 (Groundball, 4) Bill O'Higgins to third
|
Batting: RHB Jorge Solís
|
0-0: Called Strike 0-1: Swinging Strike 0-2: Strikes out swinging
|
Top of the 9th over - 0 runs, 0 hits, 0 errors, 1 left on base; Butler 4 - Stanford 12 |
|